[Event "Indian Rapid Championship 2023-24"]
[Site "Nashik"]
[Date "2024.03.04"]
[Round "2.1"]
[White "Deshpande, Aniruddha"]
[Black "Ghosh, Diptayan"]
[Result "0-1"]
[ECO "E06"]
[WhiteElo "2301"]
[BlackElo "2559"]
[Annotator "TA"]
[PlyCount "75"]
[EventDate "2024.03.02"]
[EventType "swiss"]
[EventCountry "IND"]
[SourceTitle "playchess.com"]
[Source "ChessBase"]
[SourceQuality "1"]
[TimeControl "900+10"]

1. c4 Nf6 2. g3 e6 3. Bg2 d5 4. d4 Be7 5. Nf3 O-O 6. O-O a5 7. Nc3 c6 8. Nd2 b5 9. cxb5 {[%emt 0:01:54] The position is equal.} cxb5 10. e4 b4 11. Na4 Nc6 12. exd5 Nxd5 13. Ne4 Ba6 14. Re1 Bb5 15. Be3 (15. b3 $11 {is more appropriate.}) 15... e5 $17 {[%emt 0:01:56] aiming for ...Nxe3.} 16. Nec5 Nxe3 17. fxe3 exd4 18. exd4 Bf6 19. d5 Nd4 20. Ne4 {[%emt 0:01:05] [#]} (20. Kh1 $17) 20... Rc8 $1 $19 (20... Qxd5 $2 21. Nxf6+ gxf6 22. Bxd5 $18) 21. Nac5 Be5 (21... Qxd5 $2 22. Nxf6+ gxf6 23. Bxd5 $18) (21... Ne2+ $19 {has better winning chances.} 22. Rxe2 Bxe2 23. Qxe2 Bd4+ (23... Qxd5 $2 24. Nxf6+ gxf6 25. Bxd5 $18) 24. Kh1 Rxc5 (24... Bxc5 $2 25. Rd1 $19) 25. Nxc5 Bxc5) 22. Rc1 Qb6 $36 {[%emt 0:01:42][%mdl 2048] And now ...Qh6 would win. Black has strong initiative.} (22... Qxd5 $2 23. Nf6+ Bxf6 24. Bxd5 $18) 23. Kh1 Rfd8 ({Black should try} 23... Qh6 $17 {[%cal Od4e2] Hoping for ...Ne2!} 24. Qd2 Qxd2 25. Nxd2 Ne2) 24. Nb3 {[%emt 0:00:51] [#]} (24. d6 $11) 24... h6 {[%emt 0:02:03] Black has more active pieces.} (24... Nxb3 $1 $17 25. Rxc8 Rxc8 26. axb3 Bxb2) 25. Rxc8 $15 Rxc8 26. Qh5 $2 (26. Nxd4 $15 Bxd4 (26... Qxd4 27. Qxd4 Bxd4 28. Nd6 $14) 27. Nd6 Qxd6 28. Qxd4) 26... Re8 27. Nxd4 Bxd4 {[%emt 0:00:52] A strong pair of Bishops.} ({Don't play} 27... Qxd4 28. b3 $17) 28. Qf5 $2 (28. b3 $17 {is more resistant.}) 28... g6 $19 29. Qf4 Kg7 $2 (29... Bxb2 $2 30. Rd1 $19) (29... f5 $19 {is more deadly.} 30. h4 fxe4 31. Rxe4 Bxb2) 30. Rf1 $2 Bxf1 {[%emt 0:00:02] Black is clearly winning.} (30... Bxb2 $2 {too greedy.} 31. Qxf7+ Kh8 32. d6 $18) 31. Bxf1 Be5 {[%emt 0:00:08] Repels Nd6} 32. Qf3 Qd4 33. b3 Qxd5 34. Bc4 Qd7 35. Nc5 Qc7 36. Nd3 Bd6 37. Qd5 Qe7 38. Qd4+ {[%emt 0:00:09] Weighted Error Value: White=0.88/Black=0.60.  Loses game:     	White=2     	---        Missed win:     	---       	Black=1      Mistake:       	White=4     	Black=3      Inaccurate:     	White=2     	---        OK:         	White=9     	Black=11     Best:        	White=3     	Black=2} 0-1

[Event "Indian Rapid Championship 2023-24"]
[Site "Nashik"]
[Date "2024.03.04"]
[Round "2.2"]
[White "Sengupta, Deep"]
[Black "Mari Arul, S.."]
[Result "0-1"]
[ECO "C48"]
[WhiteElo "2500"]
[BlackElo "2136"]
[Annotator "RC"]
[PlyCount "106"]
[EventDate "2024.03.02"]
[EventType "swiss"]
[EventCountry "IND"]
[SourceTitle "playchess.com"]
[Source "ChessBase"]
[SourceQuality "1"]
[TimeControl "900+10"]

1. e4 e5 2. Nf3 Nc6 3. Nc3 Nf6 4. Bb5 Nd4 5. O-O Nxb5 6. Nxb5 c6 7. Nc3 d6 8. d4 Qc7 9. h3 Be7 10. a4 a5 11. Re1 O-O 12. b3 Re8 13. Bb2 Bf8 14. Qd3 Bd7 15. Rad1 Rad8 16. Nh4 Bc8 17. dxe5 dxe5 18. Qf3 Bb4 19. Nf5 Bxf5 20. Qxf5 h6 21. Rf1 Qe7 22. Na2 Bd6 23. Nc1 Nd7 24. Nd3 f6 25. Bc3 b6 26. Nb2 Nc5 27. Nc4 Bc7 28. Bd2 Qd7 29. Qf3 Ne6 30. Bxh6 Nd4 31. Qe3 Qf7 32. c3 Nxb3 33. Qg3 Nc5 34. Qg4 Kh7 35. Qf5+ g6 36. Qf3 Kxh6 37. Ne3 Kg7 38. Ng4 Rxd1 39. Rxd1 Rd8 40. Rb1 Rd3 41. Qe2 Qd7 42. Kh2 Ne6 43. g3 Ng5 44. Kg2 Rd2 45. Qa6 Nxe4 46. Rf1 Ng5 47. c4 f5 48. Ne3 f4 49. Ng4 fxg3 50. Kxg3 e4+ 51. Kg2 e3 52. Qb7 exf2 53. Rxf2 Ne4 0-1

[Event "Indian Rapid Championship 2023-24"]
[Site "Nashik"]
[Date "2024.03.04"]
[Round "2.3"]
[White "Gandhi, Anish"]
[Black "Karthik Venkataraman"]
[Result "1/2-1/2"]
[ECO "C77"]
[WhiteElo "2012"]
[BlackElo "2609"]
[Annotator "TA"]
[PlyCount "157"]
[EventDate "2024.03.02"]
[EventType "swiss"]
[EventCountry "IND"]
[SourceTitle "playchess.com"]
[Source "ChessBase"]
[SourceQuality "1"]
[TimeControl "900+10"]

1. e4 e5 2. Nf3 Nc6 3. Bb5 a6 4. Ba4 Nf6 5. O-O Be7 6. d3 d6 7. c3 O-O 8. Nbd2 Re8 9. Re1 Bf8 10. Nf1 b5 11. Bc2 {[%emt 0:00:14] White is slightly better.} Bb7 12. Ng3 Nb8 13. Nf5 Nbd7 14. a4 d5 15. Qe2 Nc5 16. Ng3 (16. axb5 {with more complications.} Qc8 17. Ng3 axb5 18. Rxa8 Qxa8 19. exd5 Bxd5 20. Nxe5 Bxg2 21. d4) 16... d4 ({Better is} 16... Nxa4 $11 17. Bxa4 bxa4) 17. cxd4 exd4 18. axb5 axb5 19. Rxa8 Bxa8 20. Bd2 {[%emt 0:01:08] [#]} ({White should play} 20. Qd2 $14) 20... Bxe4 $1 $11 21. Nxe4 Nfxe4 22. dxe4 d3 23. Qd1 dxc2 24. Qxc2 Qd3 25. Qxd3 Nxd3 26. Re3 Nxb2 27. Rb3 Nc4 28. Rxb5 Rxe4 29. Bb4 Bxb4 30. Rxb4 {[%emt 0:00:01] Threatening mate with Rb8+.} Nd6 31. Rxe4 Nxe4 $17 {[%emt 0:00:01][%mdl 4096] Endgame. KN-KN} 32. Ne5 f6 33. Nc6 Kf7 34. f3 (34. Kf1 $17 {might work better.}) 34... Nd6 $19 35. Kf2 Ke6 36. Ke3 Kd5 37. Ne7+ Ke6 38. Nc6 Nf5+ 39. Kd3 (39. Ke4 $17) 39... Kd6 40. Na5 Kd5 {[%emt 0:00:22] White must now prevent ...Nh4.} 41. Nc4 c5 42. g3 Nd4 43. f4 Nf5 44. g4 Nd6 45. Ne3+ Ke6 46. h3 g5 $1 47. Ng2 h6 48. h4 Kf7 (48... gxh4 $1 $17 {And now ...h3 would win.} 49. Nxh4 Kd5) 49. fxg5 $11 fxg5 50. hxg5 hxg5 51. Ne1 $1 Kf6 {[%emt 0:00:05] ...Ke5 would now be deadly.} (51... Ke6 $5 52. Nf3 $8 Kf6 $11) 52. Nf3 Nf7 53. Ke4 {[%emt 0:00:07] Against Ne5} (53. Kc4 Ne5+ 54. Nxe5 Kxe5 55. Kxc5 Kf4 56. Kd4 Kxg4 57. Ke3 Kg3 58. Kd3 Kf2 59. Ke4 g4 60. Ke5 g3 61. Kf5 Kf3 62. Kf6 Ke4 63. Kg6 g2 64. Kg5 g1=Q+ (64... g1=R+ 65. Kf6 Kf4 66. Ke7 Ke5 67. Kd7 Rc1 68. Ke7 Rc7+ 69. Kd8 Ra7 70. Kc8 Kd6 71. Kb8 Rc7 72. Ka8 Kc6 73. Kb8 Kb6 74. Ka8 Rc8#) 65. Kf6 Qd4+ 66. Kg6 Qb6+ 67. Kg5 Qd6 68. Kh4 Qg6 69. Kh3 Kf3 70. Kh4 Qh6#) 53... Ke6 54. Ng1 Nd6+ 55. Ke3 Kd5 56. Nf3 Nf7 57. Ng1 $1 c4 58. Ne2 $2 (58. Nh3 $11) 58... Nh6 $1 $19 59. Kf3 {[%emt 0:00:16] [#]} Ke5 $1 60. Nc3 Kd4 61. Ne4 Nf7 62. Nd2 Ne5+ 63. Ke2 c3 ({Worse is} 63... Nxg4 64. Nf3+ Kc3 65. Nxg5 $11) 64. Nb3+ Kc4 65. Na5+ Kb4 66. Nb7 Ka3 67. Nc5 {[%emt 0:00:14] [#]} Nd7 $1 68. Nd3 Nf6 69. Ne5 {[%emt 0:00:07] [#]} Nxg4 $1 70. Nc4+ (70. Nd3 Ka2) 70... Kb4 71. Nd6 Nf6 72. Kd1 g4 73. Nf5 Ne4 74. Kc2 g3 75. Ne3 Kc5 (75... Nf6 $142 76. Kd1 Kb3 77. Ke2 Nd5 78. Nxd5 c2 79. Nf4 c1=Q (79... c1=R 80. Kf3 $11) 80. Kf3 Qxf4+ 81. Kxf4 g2 82. Kg5 g1=Q+ (82... g1=R+ {is a self mate.} 83. Kf6 Re1 84. Kg6 Kc4 85. Kf6 Kd5 86. Kf5 Rf1+ 87. Kg4 Ke5 88. Kg3 Ke4 89. Kg4 Rg1+ 90. Kh4 Kf3 91. Kh5 Kf4 92. Kh6 Kf5 93. Kh7 Kf6 94. Kh8 Kf7 95. Kh7 Rh1#) 83. Kf6 Kc4 84. Kf5 Qg3 85. Ke6 Qf4 86. Kd7 Qf6 87. Ke8 Kc5 88. Kd7 Qf7+ 89. Kd8 Kd6 90. Kc8 Qc7#) 76. Kd3 {[%emt 0:00:03] [#]} Kb4 $2 77. Kxe4 $11 {[%emt 0:00:17] The position is equal.} g2 78. Nxg2 c2 79. Ne1 {[%emt 0:00:01] Weighted Error Value: White=0.33/Black=0.14 (very precise) .  Loses game:     	White=1     	---        Mistake:       	White=3     	Black=2      Inaccurate:     	White=6     	Black=1      OK:         	White=19    	Black=19     Best:        	White=1     	Black=3      Strong:       	White=2     	Black=1} 1/2-1/2

[Event "Indian Rapid Championship 2023-24"]
[Site "Nashik"]
[Date "2024.03.04"]
[Round "2.4"]
[White "Aronyak Ghosh"]
[Black "Dinesh Rajan M"]
[Result "1-0"]
[ECO "A30"]
[WhiteElo "2517"]
[BlackElo "1948"]
[Annotator "TA"]
[PlyCount "107"]
[EventDate "2024.03.02"]
[EventType "swiss"]
[EventCountry "IND"]
[SourceTitle "playchess.com"]
[Source "ChessBase"]
[SourceQuality "1"]
[TimeControl "900+10"]

1. Nf3 Nf6 2. g3 g6 3. b3 Bg7 4. Bb2 b6 5. Bg2 Bb7 6. O-O O-O 7. c4 c5 8. d4 cxd4 9. Qxd4 Nh5 (9... Nc6 $11 10. Qe3 d5) 10. Qd2 $16 d6 11. Bxg7 Nxg7 {[%emt 0:00:05] White is better.} 12. Nc3 Nd7 13. Rac1 Rc8 14. Nd5 e6 15. Nc3 Nf6 16. Rfd1 d5 17. Ne5 Qe7 18. Qg5 Rfe8 (18... Nf5 $14) 19. Nb5 {[%emt 0:02:47] White has more active pieces.} (19. cxd5 $6 exd5 20. Nf3 Rc5 $11) 19... Nd7 (19... a5 $16) 20. Qxe7 $18 Rxe7 21. Nxd7 (21. cxd5 $18 Rxc1 (21... Nxe5 $2 {too greedy.} 22. d6 $18) 22. Rxc1 exd5 (22... Nxe5 $2 23. d6 $18) 23. Rc7 Rxe5 24. Rxb7 (24. Rxd7 Bc6 $18)) 21... Rxd7 $16 22. cxd5 Rxc1 23. Rxc1 exd5 24. Nxa7 Ne6 25. Nb5 {[%emt 0:01:26] Prevents Nd4.} Ba6 26. Nc3 Rc7 {[%emt 0:01:13] aiming for ...d4.} 27. Bxd5 {[%emt 0:01:03] Threatens to win with a4.} Nd4 28. Kg2 (28. Rd1 $1 $16) 28... Nb5 $11 (28... Bxe2 $2 {is the wrong capture.} 29. Nxe2 Rxc1 30. Nxc1 $18) 29. Bc4 Bb7+ 30. f3 Nxc3 31. Rxc3 {[%emt 0:00:01] Hoping for Rd3.} b5 32. Bxf7+ Rxf7 {[%emt 0:00:01][%mdl 4096] Endgame. KRB-KR} 33. Rc5 Rd7 34. Kf2 b4 (34... Rd2 $11) 35. Rb5 $16 Ba6 {[%emt 0:00:19] [#]} 36. Rb6 ({Reject} 36. Rxb4 Rd2 $15) 36... Ra7 37. Rxb4 {[%emt 0:00:02] And now Ra4 would win.} Bb7 $2 {[%emt 0:00:17] [#] This costs Black the game.} (37... Re7 $16) 38. Ra4 $1 $18 Rxa4 39. bxa4 {[%emt 0:00:01] KB-KP} Kf7 40. e4 Ke6 41. Ke3 g5 $2 (41... Ba6 42. f4 Bc8) 42. Kd4 Kd6 43. f4 g4 44. f5 Ba6 45. e5+ (45. a5 $142 Be2 46. e5+ Kd7 47. e6+ Kd6 48. Ke3) 45... Kc6 46. f6 Kd7 47. a5 {[%emt 0:00:02] Intending Kc5 and mate.} Ke6 48. Kc5 {[%emt 0:00:07] Kb6 would kill now.} Kd7 49. Kb6 Bc4 50. a6 Ke6 51. a7 Bd5 52. Kc7 (52. a4 $142 h6 53. Kc7) 52... Kxe5 {[%emt 0:00:29] [#]} 53. f7 $1 Bxf7 54. a8=Q {[%emt 0:00:03] Weighted Error Value: White=0.11 (very precise) /Black=0.87.  Loses game:     	---       	Black=1      Mistake:       	White=2     	Black=4      Inaccurate:     	White=1     	Black=1      OK:         	White=16    	Black=10     Best:        	White=3     	Black=4      Strong:       	White=1     	---} 1-0

[Event "Indian Rapid Championship 2023-24"]
[Site "Nashik"]
[Date "2024.03.04"]
[Round "2.5"]
[White "Potawad Anirudhha"]
[Black "Prraneeth Vuppala"]
[Result "0-1"]
[ECO "B23"]
[WhiteElo "2281"]
[BlackElo "2506"]
[Annotator "TA"]
[PlyCount "117"]
[EventDate "2024.03.02"]
[EventType "swiss"]
[EventCountry "IND"]
[SourceTitle "playchess.com"]
[Source "ChessBase"]
[SourceQuality "1"]
[TimeControl "900+10"]

1. e4 c5 2. Nc3 d6 3. f4 g6 4. Nf3 Bg7 5. Bc4 Nc6 6. O-O e6 7. d4 cxd4 8. Nb5 a6 9. Nbxd4 {[%emt 0:00:03] The position is equal.} Nxd4 10. Nxd4 Nf6 11. e5 Ne4 12. Qf3 d5 (12... dxe5 $5 13. fxe5 Qxd4+ 14. Be3 Qd7 (14... Qxc4 15. Qxf7+ Kd8 16. Bb6+) 15. Qxe4 Qc7 $11) 13. Bb3 O-O 14. Be3 b5 15. c3 f6 16. exf6 Qxf6 17. Rae1 Bb7 18. Qh3 Rae8 19. a4 (19. Bc1 {keeps more tension.} Bc8 20. f5 gxf5 21. Nxf5 exf5 22. Bxd5+ Kh8 23. Bxe4 Rxe4 24. Rxe4 fxe4 25. Rxf6 Bxh3 26. Rxf8+ Bxf8 27. gxh3 Kg7 28. Kf2) 19... b4 20. cxb4 Nd2 21. Rf2 Nc4 22. Bxc4 dxc4 23. Nf3 Qf5 24. Qxf5 exf5 25. Rfe2 Bc6 (25... Bxf3 $5 26. gxf3 Rxe3 27. Rxe3 Bd4 $11) 26. Bc5 Rxe2 27. Rxe2 Rd8 28. Ne5 Bxa4 29. Nxc4 Bb5 30. Rd2 Rxd2 31. Nxd2 Bxb2 $15 {[%emt 0:00:02][%mdl 4096] Endgame. Threatening ...Bc1. KBB-KBN. This pair of bishops is nice.} 32. Kf2 Kf7 33. Nf3 {[%emt 0:00:13] [#]} (33. Ke3 $1 $15) 33... Ke6 $1 $17 34. Ng5+ Kd5 {[%emt 0:00:01][%cal Oa6a5] White must now prevent ...a5!} 35. Nxh7 $2 {[%emt 0:00:02][%mdl 8192] [#] White does not recover from this.} (35. Bf8 $17 {was necessary.}) 35... a5 $1 $19 36. bxa5 Kxc5 37. Nf8 Be8 38. h3 Bd4+ 39. Kf3 Kd6 {[%emt 0:00:05] Inhibits Ne6.} 40. g4 (40. Nh7 $142) 40... Ke7 41. Nh7 Bc6+ 42. Kg3 Bc3 {[%emt 0:00:03] Threatens to win with ...Be1+.} 43. a6 Be1+ 44. Kh2 Bf2 45. Ng5 Bb5 46. Kg2 Bb6 47. Nf3 Bxa6 48. Ne5 Bb7+ 49. Kg3 g5 (49... fxg4 $2 50. Nxg6+ Kf6 51. Ne5 $19) 50. Ng6+ (50. gxf5 $19 gxf4+ 51. Kg4) 50... Kf6 {[%emt 0:00:06] Black mates.} 51. gxf5 Kxf5 52. Ne7+ Kf6 53. Ng8+ Kg7 54. Ne7 Bc7 55. Kg4 gxf4 56. Nf5+ Kf6 57. Nd4 Ke5 58. Nf3+ Bxf3+ 59. Kxf3 {[%emt 0:00:03] Weighted Error Value: White=0.28 (precise) /Black=0.05 (flawless) .  Loses game:     	White=1     	---        Mistake:       	White=3     	---        Inaccurate:     	White=4     	Black=2      OK:         	White=14    	Black=20     Best:        	White=1     	Black=4      Strong:       	---       	Black=1      Brilliant:      	---       	Black=1} 0-1

[Event "Indian Rapid Championship 2023-24"]
[Site "Nashik"]
[Date "2024.03.04"]
[Round "2.6"]
[White "Raja Rithvik R"]
[Black "Tejaswini, Sagar"]
[Result "1-0"]
[ECO "D23"]
[WhiteElo "2532"]
[BlackElo "2019"]
[Annotator "TA"]
[PlyCount "77"]
[EventDate "2024.03.02"]
[EventType "swiss"]
[EventCountry "IND"]
[SourceTitle "playchess.com"]
[Source "ChessBase"]
[SourceQuality "1"]
[TimeControl "900+10"]

1. Nf3 d5 2. d4 Nf6 3. c4 c6 4. Qb3 dxc4 5. Qxc4 Bf5 6. g3 e6 7. Bg2 Nbd7 8. O-O Be7 9. e3 O-O 10. Qe2 Rc8 11. Rd1 b5 {[%emt 0:00:14] The position is equal.} 12. a4 b4 13. Nbd2 Bc2 14. Re1 b3 15. Nc4 Bb4 16. Bd2 Qe7 (16... Bxd2 $1 $11 17. Nfxd2 Nd5) 17. Rec1 Bxd2 18. Qxd2 c5 19. Ne1 cxd4 20. Nxc2 (20. Qxd4 {simplifies} Rfd8 21. Qd6 Kf8 22. Qxe7+ Kxe7 23. Nxc2 bxc2 24. Rxc2 Ne5 25. Bf1) 20... bxc2 21. Qxd4 (21. Rxc2 Nc5 22. Ra3 (22. Qxd4 $2 Nb3 $19) 22... d3 $11) 21... Qb4 {[%emt 0:00:47] [#]} (21... Nc5 $142) 22. Bf1 (22. Nd6 $1 $16 Qxd4 23. exd4) 22... Nc5 $1 $11 23. Nd2 {[%emt 0:00:02] Inhibits Nb3.} (23. Rxc2 $2 {too greedy.} Nb3 (23... Nxa4 24. Qxa7 Ra8 25. Qd4 $11) 24. Qd1 Nxa1 25. Qxa1 Ne4 $19) 23... a5 {[%emt 0:01:44][%mdl 8192] White leaves nothing to chance now.} (23... Qb7 $11 24. Bg2 (24. Rxc2 $2 {perishes.} Nb3 $19) 24... Qa6) 24. Qxb4 $18 ({But not} 24. Rxc2 Qxd4 25. exd4 Nb7 $18) 24... axb4 25. Rxc2 Nfe4 26. Nxe4 Nxe4 27. Rxc8 Rxc8 {[%emt 0:00:02][%mdl 4096] Endgame. KRB-KRN} 28. a5 {[%emt 0:00:02][%cal Ba4a5,Ba5a6][%mdl 32] Threatens to win with a6.} Nc5 29. a6 {[%emt 0:00:21] White is clearly winning.} Nd7 30. Ra4 b3 31. Rb4 Ra8 32. Rxb3 Nc5 33. Ra3 {[%emt 0:00:02] a7 would now be deadly.} Ra7 34. b4 Nd7 35. b5 Kf8 36. Rd3 {[%emt 0:00:15][%cal Od3d7] Hoping for Rxd7!} Ke7 {[%emt 0:00:04] [#]} 37. Rxd7+ $1 Kxd7 (37... Rxd7 38. b6) 38. b6 Ra8 39. b7 {[%emt 0:00:03] Weighted Error Value: White=0.31/Black=0.59.  Loses game:     	---       	Black=1      Mistake:       	White=1     	Black=2      Inaccurate:     	White=2     	Black=5      OK:         	White=11    	Black=4      Best:        	White=2     	---        Strong:       	---       	Black=1} 1-0

[Event "Indian Rapid Championship 2023-24"]
[Site "Nashik"]
[Date "2024.03.04"]
[Round "2.7"]
[White "Aakash G"]
[Black "Moksh Amit Doshi"]
[Result "0-1"]
[ECO "E39"]
[WhiteElo "2236"]
[BlackElo "2353"]
[Annotator "RC"]
[PlyCount "56"]
[EventDate "2024.03.02"]
[EventType "swiss"]
[EventCountry "IND"]
[SourceTitle "playchess.com"]
[Source "ChessBase"]
[SourceQuality "1"]
[TimeControl "900+10"]

1. d4 Nf6 2. c4 e6 3. Nc3 Bb4 4. Qc2 c5 5. dxc5 O-O 6. Bf4 Bxc5 7. e3 Nc6 8. a3 b6 9. Bd3 h6 10. Nf3 Bb7 11. b4 Be7 12. Rd1 Nh5 13. O-O Nxf4 14. exf4 Rc8 15. Be4 Qc7 16. Nb5 Qxf4 17. Rxd7 Nxb4 18. Bh7+ Kh8 19. axb4 Bxf3 20. gxf3 g6 21. Bxg6 Rg8 22. Re1 Rxg6+ 23. Kf1 Rxc4 24. Qd3 Bxb4 25. Rd1 Rc1 26. Rd4 Rxd1+ 27. Qxd1 Qxh2 28. Ke2 Qe5+ 0-1

[Event "Indian Rapid Championship 2023-24"]
[Site "Nashik"]
[Date "2024.03.04"]
[Round "2.8"]
[White "Sriram, Jha"]
[Black "Arindam, Mukherjee"]
[Result "1-0"]
[ECO "D37"]
[WhiteElo "2312"]
[BlackElo "1990"]
[Annotator "TA"]
[PlyCount "63"]
[EventDate "2024.03.02"]
[EventType "swiss"]
[EventCountry "IND"]
[SourceTitle "playchess.com"]
[Source "ChessBase"]
[SourceQuality "1"]
[TimeControl "900+10"]

1. d4 d5 2. Nf3 Nf6 3. c4 e6 4. Nc3 Be7 5. Bf4 O-O 6. e3 c5 7. dxc5 Bxc5 8. Qc2 Nc6 9. a3 a5 ({Black should play} 9... Qa5 $14) 10. Rd1 $16 Be7 11. Be2 Qb6 (11... a4 $16 {keeps fighting.}) 12. cxd5 $18 exd5 13. Nxd5 Nxd5 14. Rxd5 Be6 15. Rb5 Qa7 16. O-O Rac8 17. Qe4 $40 {[%emt 0:00:15][%mdl 128] Dodges Nd4. White goes for the king. White is much more active.} Bf6 (17... Rfe8 $16 18. h4 a4) 18. Ng5 Bxg5 19. Bxg5 Rfe8 20. Bd3 g6 $2 (20... f5 21. Rxf5 Bf7) 21. Qh4 {[%emt 0:00:14] [#] Intending Bf6 and mate. Black is weak on the dark squares} f5 22. Bf6 Rc7 (22... b6 $142 23. Rd1 Rf8) 23. Bc3 {[%emt 0:01:44] This pair of bishops is nice.} Rf7 {[%emt 0:00:03] Wards off Qf6} (23... Rf8 $142 24. Bc4 Bxc4 25. Qxc4+ Rff7) 24. Re1 Ref8 $2 (24... Qb8 25. Be2 (25. Bxa5 Qd6 $18) 25... Qd8) 25. g3 (25. g4 $142 {gxf5 is the strong threat.} Ne7 26. Qg3 (26. Rxa5 Qb6 $18)) 25... b6 26. Bc4 Qd7 27. Rxb6 {[%emt 0:00:25] [#] Threatens to win with Bb5.} Rc8 $2 (27... Bxc4 28. Qxc4 Rc8) 28. Bxe6 {[%emt 0:00:39] White is clearly winning.} Qxe6 29. Rd1 {[%emt 0:00:20] Prevents Qd5.} f4 30. exf4 ({Much less strong is} 30. gxf4 Kf8 31. h3 Re8 32. Qh6+ Kg8) 30... Qe2 31. Re1 Qf3 (31... Qc4 $142 32. Qg4 Rd8) 32. Qh3 {[%emt 0:00:19] Black did not feel at home in the position after the opening.   Weighted Error Value: White=0.67/Black=0.86.  Loses game:     	---       	Black=1      Mistake:       	White=1     	Black=7      Inaccurate:     	White=3     	Black=2      OK:         	White=10    	Black=2      Best:        	White=1     	Black=1} 1-0

[Event "Indian Rapid Championship 2023-24"]
[Site "Nashik"]
[Date "2024.03.04"]
[Round "2.9"]
[White "Kshatriya Nitin Vekhande"]
[Black "Neelotpal, Das"]
[Result "0-1"]
[ECO "C68"]
[WhiteElo "2292"]
[BlackElo "2355"]
[Annotator "TA"]
[PlyCount "100"]
[EventDate "2024.03.02"]
[EventType "swiss"]
[EventCountry "IND"]
[SourceTitle "playchess.com"]
[Source "ChessBase"]
[SourceQuality "1"]
[TimeControl "900+10"]

1. e4 e5 2. Nf3 Nc6 3. Bb5 a6 4. Bxc6 dxc6 5. d4 exd4 6. Qxd4 Qxd4 7. Nxd4 Bd7 8. Be3 O-O-O 9. Nd2 c5 10. Ne2 b6 11. O-O-O Ne7 12. h4 h5 13. Nf4 Nc6 14. f3 {[%emt 0:06:49] The position is equal.} Kb7 15. Nf1 Bd6 16. Ng3 g6 17. Nge2 Be5 18. Nd5 f5 19. Bg5 {[%emt 0:00:35] f4 would now be deadly.} Rde8 {[%emt 0:00:50] [#]} (19... fxe4 $1 $11 20. Bxd8 exf3 21. gxf3 Rxd8) 20. Nxb6 Kxb6 $11 21. Rxd7 {[%emt 0:00:10] Hoping for f4.} fxe4 22. fxe4 Rhf8 {[%emt 0:00:01] Dodges Nf4} 23. Be3 {[%emt 0:00:40] Dodges Rf2} Bd6 24. Nc3 {[%emt 0:00:28] Strongly threatening Nd5+.} Ne5 25. Rg7 Kc6 (25... Ng4 $11 26. Kd2 Re6) 26. b3 (26. g3 $1 $14) 26... Re6 27. g3 Rf3 28. Nd5 Rxg3 ({Much worse is} 28... Ng4 $6 29. Bf4 $16) 29. Bg5 Nf3 30. Bd8 {[%emt 0:00:19] Black continues to play with concentration.} (30. Bf4 $11 {was the only way to keep the balance.} Bxf4+ 31. Nxf4 Rxe4 32. Rxg6+ Rxg6 33. Nxg6) 30... Rxe4 $17 31. c4 (31. Ne7+ $17 {is a better chance.} Kd7 32. Nf5+ Kxd8 33. Nxg3 Bxg3 34. Rxg6 Bxh4 (34... Rxh4 $2 35. Rxh4 Bxh4 36. Kd1 $19) 35. Rxa6) 31... Rg2 32. Bxc7 Ng1 $2 ({Not} 32... Nxh4 33. Bxd6 Kxd6 34. Rd1 $17) (32... Ree2 $19 33. Bxd6 Rxa2 (33... Kxd6 $2 34. Rd1 $19) 34. Ne7+ Kxd6 35. Rd1+ Ke5) 33. Rxg1 $4 Rxg1+ $19 34. Kd2 Rg2+ 35. Kd3 Rd4+ 36. Ke3 Rxh4 {[%emt 0:00:21] ( -> ...Rh3+)} 37. Bxd6 Kxd6 {[%emt 0:00:07][%mdl 4096] Endgame. KRR-KRN} 38. Kf3 Rxa2 {[%emt 0:00:25] aiming for ...Rh3+.} 39. Rxg6+ Ke5 {[%emt 0:00:01] White must now prevent ...Rh3+.} 40. Nb6 {[%emt 0:00:23] [#]} (40. Rg5+ $19 Kd4 41. Nf4) 40... Rh3+ {[%emt 0:00:10] Black mates.} 41. Rg3 Rxg3+ 42. Kxg3 {[%emt 0:00:02] KR-KN} Rb2 43. Nd7+ Kd4 44. Kh4 Rxb3 45. Kxh5 a5 46. Nf6 a4 47. Nd5 a3 48. Ne7 a2 49. Nc6+ Kc3 50. Na5 a1=Q {[%emt 0:00:03] Weighted Error Value: White=0.62/Black=0.32.  Loses game:     	White=2     	---        Missed win:     	---       	Black=1      Mistake:       	White=4     	Black=2      Inaccurate:     	White=1     	---        OK:         	White=12    	Black=10     Best:        	---       	Black=2} 0-1